 Dungeon Crawl Stone Soup version 0.19.5 (webtiles) character file.

359 JeffiDaFish the Cudgeler (level 6, -1/38 HPs)
             Began as a Gargoyle Fighter on Sept 14, 2017.
             Killed by divine providence
             ... invoked by an orc priest
              (12 damage)
             ... on level 4 of the Dungeon on Sept 15, 2017.
             The game lasted 00:12:40 (3876 turns).

JeffiDaFish the Cudgeler (Gargoyle Fighter)         Turns: 3876, Time: 00:12:41

Health: -1/38      AC: 15    Str: 20    XL:     6   Next: 65%
Magic:  6/6        EV:  6    Int: 11    God:
Gold:   138        SH:  9    Dex: 11    Spells: 0 memorised, 5 levels left

rFire  . . .     SeeInvis .     k - +3 mace
rCold  . . .     Gourm    .     d - +0 chain mail
rNeg   + . .     Faith    .     c - +0 shield
rPois  ∞         Spirit   .     e - +2 helmet {Int+3}
rElec  +         Reflect  .     (no cloak)
rCorr  .         Harm     .     (no gloves)
MR     .....                    j - +0 pair of boots
Stlth  ..........               (no amulet)
                                (no ring)
                                g - -3 ring of protection (curse)

@: no status effects
A: negative energy resistance 1, electricity resistance, unbreathing,
petrification resistance, rot immunity, AC +4
a: no special abilities


You were on level 4 of the Dungeon.
You were not hungry.

You visited 1 branch of the dungeon, and saw 4 of its levels.

You collected 138 gold pieces.

Inventory:

Hand Weapons
 k - a +3 mace (weapon)
Armour
 c - a +0 shield (worn)
 d - a +0 chain mail (worn)
 e - a +2 helmet of intelligence (worn)
 j - a +0 pair of boots (worn)
Jewellery
 g - a cursed -3 ring of protection (left hand)
Scrolls
 a - a scroll of identify
 i - a scroll of teleportation
Comestibles
 b - 3 chunks of flesh
 f - 4 bread rations
 h - a meat ration
 l - 6 fruits
 m - a beef jerky


   Skills:
 + Level 4.1 Fighting
 + Level 4.7 Maces & Flails
 + Level 3.8 Armour
 + Level 1.5 Dodging
 + Level 0.2 Stealth
 + Level 4.6 Shields


You had 5 spell levels left.
You didn't know any spells.

Dungeon Overview and Level Annotations

Branches:
Dungeon (4/15)
 Temple: D:4-7

Altars:
Ashenzari
Cheibriados
Gozag
Hepliaklqana
Qazlal
Trog
Uskayaw
Yredelemnul
The Shining One


Innate Abilities, Weirdness & Mutations

You are resistant to torment.
Your stone body is resilient. (AC +4)
You are immune to poison.
You resist negative energy. (rN+)
You are resistant to electric shocks. (rElec)
You can survive without breathing.
You are immune to petrification.
You are immune to rotting.


Message History

The orc wizard hits you but does no damage.
The orc priest calls down the wrath of Beogh upon you.
Pain shoots through your body! You block the orc wizard's attack.
Your chain mail prevents you from hitting the orc wizard.
The orc wizard barely misses you.
The orc priest mumbles some strange prayers to Beogh against you.
Beogh smites you! You block the orc wizard's attack.
You hit the orc wizard.
The orc wizard is moderately wounded.
The orc wizard hits you but does no damage.
The orc wizard points at you and mumbles some strange words.
The puff of frost hits you!
You sock the orc wizard!
The orc wizard is almost dead.
The orc wizard casts a spell at you. The magic dart hits you!
* * * LOW HITPOINT WARNING * * *
The orc priest invokes the aid of Beogh against you.
Beogh smites you!
You die...

#.#.#.#..................###
#..........................#
#..........................#
#.......###................#
#.#.....# ###.....#..#.#...#
#.#.....###.......#..#.#.#+#
#.#.#.............#..#.#+#
#.#.#...............
#.#.........@o......
#...).....o.......
#.#........o......
#.#...............
#.#......###...... ########
.####. .# .#


You could see an orc priest and 2 orc wizards.

Vanquished Creatures
  The ghost of JeffiDaFish the Gusty, an amateur DrAE (D:4)
  A howler monkey (D:4)
  2 bullfrog skeletons (D:4)
  An iguana (D:4)
  Robin (D:2)
  3 adders
  2 adder skeletons (D:4)
  2 worms (D:2)
  A dart slug (D:1)
  3 leopard geckos
  7 orcs
  3 giant cockroaches
  19 goblins
  9 hobgoblins
  7 jackals
  7 kobolds
  A quokka (D:3)
  11 bats
  5 frilled lizards
  10 rats
  A plant (D:2)
97 creatures vanquished.

Vanquished Creatures (others)
  2 plants (D:2)
2 creatures vanquished.

Grand Total: 99 creatures vanquished

Notes
Turn   | Place    | Note
-------+----------+-------------------------------------------
     0 | D:1      | JeffiDaFish the Gargoyle Fighter began the quest for the Orb.
     0 | D:1      | Reached XP level 1. HP: 14/14 MP: 1/1
   198 | D:1      | Reached XP level 2. HP: 19/19 MP: 2/2
   590 | D:1      | Reached XP level 3. HP: 22/23 MP: 3/3
  1260 | D:2      | Reached XP level 4. HP: 12/28 MP: 4/4
  1446 | D:2      | Found a snail-covered altar of Cheibriados.
  1504 | D:2      | Noticed Robin
  1839 | D:1      | Reached skill level 1 in Dodging
  1912 | D:2      | Found an opulent altar of Gozag.
  2502 | D:2      | Killed Robin
  2676 | D:3      | Found a hazy altar of Hepliaklqana.
  2677 | D:3      | Reached XP level 5. HP: 32/32 MP: 5/5
  2865 | D:3      | Found a stormy altar of Qazlal.
  2870 | D:3      | Found a shattered altar of Ashenzari.
  3241 | D:3      | Found a hide-covered altar of Uskayaw.
  3312 | D:4      | Found a glowing golden altar of the Shining One.
  3321 | D:4      | Noticed JeffiDaFish's ghost (amateur DrAE)
  3350 | D:4      | Killed JeffiDaFish's ghost
  3361 | D:4      | Reached XP level 6. HP: 30/38 MP: 6/6
  3474 | D:4      | Found a bloodstained altar of Trog.
  3831 | D:4      | Found a basalt altar of Yredelemnul.
  3876 | D:4      | Killed from afar by an orc priest

Skill      XL: |  1  2  3  4  5  6 |
---------------+-------------------+-----
Maces & Flails | 3 4 |  4.7
Shields        | 4 |  4.6
Dodging        | 1 |  1.5
Fighting       | 4 |  4.1
Armour         | |  3.8
Stealth        | |  0.2

Action                   |  1- 3 |  4- 6 || total
-------------------------+-------+-------++-------
Melee: Flail             |   212 |   335 ||   547
       Mace              |       |    42 ||    42
  Use: Potion            |     6 |     2 ||     8
       Scroll            |     2 |    10 ||    12
  Eat: Chunk             |     1 |    10 ||    11
Armor: Scale mail        |   182 |   161 ||   343
       Chain mail        |       |    39 ||    39
Dodge: Dodged            |    96 |   117 ||   213
Block: Shield            |   159 |   172 ||   331
